 Dungeon Crawl Stone Soup version 0.31.0-32-g396128a36d (webtiles) character file.

Game seed: 3524853956305788301

4322 Doomgape the Protected (level 10, 0/66 HPs)
             Began as a Gargoyle Fighter on Mar 30, 2024.
             Was an Initiate of Gozag.
             Slain by a two-headed ogre
             ... wielding a +0 giant club
              (9 damage)
             ... on level 8 of the Dungeon.
             The game lasted 00:18:10 (6086 turns).

Doomgape the Protected (Gargoyle Fighter)           Turns: 6086, Time: 00:18:10

Health: 0/66       AC: 37    Str: 25    XL:     10   Next: 33%
Magic:  10/10      EV:  4    Int:  8    God:    Gozag
Gold:   1129       SH:  6    Dex:  9    Spells: 9/9 levels left

rFire   . . .        w - +2 mace (heavy)
rCold   . . .        c - +1 buckler
rNeg    + + .        r - +11 crystal plate armour of Morality {Rampage rElec rPois}
rPois   ∞            (no helmet)
rElec   +            l - scarf {repulsion}
rCorr   +            (no gloves)
SInv    +            (no boots)
Will    .....        A - amulet "Minipt" {RegenMP rN+ Slay+2} Stlth
                     e - ring of resist corrosion
HPRegen 0.31/turn    v - ring of see invisible
MPRegen 0.52/turn

%: repel missiles, rampage
@: hasted, studying Axes, very quick
A: sickness immunity, AC +7, negative energy resistance 1, electricity
resistance, torment resistance 1, petrification resistance
a: Renounce Religion, Potion Petition, Call Merchant, Bribe Branch


You were on level 8 of the Dungeon.
You worshipped Gozag.
Gozag was most pleased with you.
You visited 1 branch of the dungeon, and saw 8 of its levels.

You collected 1195 gold pieces.
You paid 66 gold pieces to Gozag.

Inventory:

Hand Weapons
 w - a +2 heavy mace (weapon)
Missiles
 a - a throwing net (quivered)
Armour
 c - a +1 buckler (worn)
 l - a scarf of repulsion (worn)
 r - the +11 crystal plate armour of Morality (worn) {Rampage rElec rPois}
   (You acquired it on level 4 of the Dungeon)

   rElec:     It insulates you from electricity.
   rPois:     It protects you from poison Rampage: It bestows one free step when
   moving towards enemies.
Jewellery
 e - a ring of resist corrosion (left hand)
 v - a ring of see invisible (right hand)
 A - the amulet "Minipt" (around neck) {RegenMP rN+ Slay+2}
   (You found it on level 7 of the Dungeon)

   [amulet of magic regeneration]

   RegenMP:   It increases your rate of magic regeneration.
   Slay+2:    It affects your accuracy & damage with ranged weapons and melee
   (+2).
   rN+:       It protects you from negative energy.
Wands
 b - a wand of flame (6)
 f - a wand of quicksilver (12)
 p - a wand of polymorph (9)
 y - a wand of paralysis (13)
 C - a wand of roots (7)
Scrolls
 g - a scroll of identify
 j - a scroll of poison {unknown}
 m - a scroll of vulnerability
 u - a scroll of amnesia
 x - a scroll of blinking {unknown}
 z - a scroll of enchant weapon {unknown}
 B - a scroll of teleportation {unknown}
Potions
 d - 2 potions of might
 h - a potion of magic
 i - 2 potions of curing
 k - 2 potions of mutation
 n - a potion of haste
 o - a potion of lignification {unknown}
 q - 4 potions of enlightenment
 s - 2 potions of resistance {unknown}
 t - a potion of ambrosia {unknown}


   Skills:
 + Level 9.0 Fighting
 + Level 7.8 Maces & Flails
 + Level 9.0 Armour
 - Level 8.1 Shields


You had 9 spell levels left.
You didn't know any spells.
Your spell library contained the following spells:

 Spells                   Type           Power      Damage    Failure   Level
 Blink                    Tloc           0%         N/A       100%        2
 Lesser Beckoning         Tloc           0%         N/A       100%        2
 Momentum Strike          Conj/Tloc      0%         3d8       100%        2
 Hailstorm                Conj/Ice       0%         3d5       100%        3
 Summon Ice Beast         Ice/Summ       0%         N/A       100%        3
 Olgreb's Toxic Radiance  Alch           0%         N/A       100%        4
 Alistair's Intoxication  Alch           0%         N/A       100%        5
 Borgnjor's Vile Clutch   Necr/Erth      0%         N/A       100%        5
 Eringya's Noxious Bog    Alch           0%         4d6       100%        6
 Sculpt Simulacrum        Ice/Alch       0%         N/A       100%        6
 Haunt                    Necr/Summ      0%         N/A       100%        7
 Ozocubu's Refrigeration  Ice            0%         4d7       100%        7
 Discord                  Hex            0%         N/A       100%        8
 Infestation              Necr           0%         N/A       100%        8
 Animate Dead             Necr           Unusable   N/A       N/A         4

Dungeon Overview and Level Annotations

Branches:
Dungeon (8/15)
 Temple: D:4-7         Lair: D:8-11

Altars:
Gozag
Makhleb
Nemelex Xobeh
Qazlal
Trog
Vehumet
Xom
Yredelemnul

Portals:
Abyss: D:4

Annotations:
D:4 2 transporters, spica's ghost, amateur DjFE


Innate Abilities, Weirdness & Mutations

You are immune to sickness and miasma.
Your stone body is resilient. (AC +7)
You are immune to poison.
You resist negative energy. (rN+)
You are resistant to electric shocks. (rElec)
You are resistant to unholy torment.
You are immune to petrification.


Message History

You block the two-headed ogre's attack.
You barely miss the two-headed ogre.
The two-headed ogre hits you but does no damage.
The two-headed ogre hits you with a +0 giant club!
You hit the two-headed ogre.
The two-headed ogre is lightly wounded.
You block the two-headed ogre's attack.
The two-headed ogre completely misses you.
You barely miss the two-headed ogre.
The two-headed ogre is lightly wounded.
The two-headed ogre hits you but does no damage.
The two-headed ogre hits you with a +0 giant club!
You hit the two-headed ogre.
The two-headed ogre is lightly wounded.
The two-headed ogre hits you with a +0 giant club. x2
You thump the two-headed ogre!
The two-headed ogre is heavily wounded.
The two-headed ogre hits you with a +0 giant club!!
* * * LOW HITPOINT WARNING * * *
The two-headed ogre hits you but does no damage.
Unknown command.
As you read the scroll of fear, it crumbles to dust.
You assume a fearsome visage.
The two-headed ogre looks frightened!
Unknown command.
Aiming: Paralyse
Press: ? - help, Shift-Dir - straight line, f - two-headed ogre
Aim: a two-headed ogre, wielding two +0 giant clubs (moderately wounded, fleeing, chance to affect: 31%)
Your attack snaps the two-headed ogre out of its fear.
The two-headed ogre easily resists.
Unknown command.
Okay, then.
You feel better.
The two-headed ogre hits you with a +0 giant club.
* * * LOW HITPOINT WARNING * * *
You block the two-headed ogre's attack.
You feel yourself speed up.
The two-headed ogre attacks as it pursues you!
The two-headed ogre hits you with a +0 giant club!
You die...
Your body crumbles into a pile of gold.

#.........#
###..###### #
#.## #. #.# ..
#.# #.####
####.# #...#
###....#
#.$#####...####
#..O@......#
#.#######..# #.
### #..# #. ###
#.... .. ._.
+.#.## .. #=#
#...# ... #.#
#.### #+# .#


You could see a two-headed ogre.

Vanquished Creatures
  A skeletal warrior (D:7)
  The ghost of Pascal76 the Fighter, a novice MiFi of Okawaru (D:7)
  A cyclops (D:8)
  A troll (D:5)
  Sigmund (D:3)
  A steam dragon (D:7)
  2 ice beasts
  3 orc warriors
  A black bear (D:5)
  An ogre (D:6)
  2 kobold brigands (D:7)
  3 bullfrogs
  A scorpion (D:5)
  5 wights
  A howler monkey (D:5)
  2 bombardier beetles
  7 hounds
  3 jellies
  2 orc priests (D:5)
  Crazy Yiuf (D:3)
  6 iguanas
  A sleepcap (D:4)
  Ijyb (D:3)
  3 orc wizards
  10 adders
  2 shadow imps (D:6)
  A white imp (D:7)
  3 ufetubi
  3 dart slugs
  A ribbon worm (D:2)
  26 orcs
  5 bats
  6 endoplasms
  5 giant cockroaches
  7 goblins
  12 hobgoblins
  5 jackals (D:1)
  4 quokkas
  4 ball pythons
  3 frilled lizards (D:1)
  10 kobolds
  4 rats (D:2)
162 creatures vanquished.

Vanquished Creatures (others)
  A gnoll sergeant (D:5)
1 creature vanquished.

Grand Total: 163 creatures vanquished

Notes
Turn   | Place    | Note
-------+----------+-------------------------------------------
     0 | D:1      | Doomgape the Gargoyle Fighter began the quest for the Orb.
     0 | D:1      | Reached XP level 1. HP: 14/14 MP: 1/1
    29 | D:1      | Reached XP level 2. HP: 19/19 MP: 2/2
   359 | D:1      | Reached XP level 3. HP: 14/23 MP: 3/3
  1305 | D:2      | Reached XP level 4. HP: 29/29 MP: 4/4
  1612 | D:3      | Noticed Ijyb
  1621 | D:3      | Killed Ijyb
  1723 | D:3      | Reached XP level 5. HP: 25/33 MP: 5/5
  1772 | D:3      | Found a radiant altar of Vehumet.
  1806 | D:3      | Found a faded altar of an unknown god.
  1948 | D:3      | Found an opulent altar of Gozag.
  2071 | D:3      | Became a worshipper of Gozag Ym Sagoz the Greedy
  2165 | D:3      | Found a sparkling altar of Nemelex Xobeh.
  2363 | D:3      | Noticed Sigmund
  2382 | D:3      | Killed Sigmund
  2383 | D:3      | Reached XP level 6. HP: 40/40 MP: 6/6
  2529 | D:3      | Found a runed translucent door.
  2530 | D:3      | Noticed Crazy Yiuf
  2537 | D:3      | Killed Crazy Yiuf
  2657 | D:4      | Reached skill level 5 in Shields
  2707 | D:4      | Reached skill level 5 in Armour
  2744 | D:4      | Reached skill level 5 in Fighting
  2781 | D:4      | Found a burning altar of Makhleb.
  2846 | D:4      | Reached XP level 7. HP: 17/44 MP: 7/7
  2964 | D:4      | Found a transporter.
  2987 | D:4      | Found a one-way gate to the infinite horrors of the Abyss.
  2987 | D:4      | Noticed spica's ghost (amateur DjFE)
  2990 | D:4      | Identified a scroll of acquirement
  2990 | D:4      | Acquired the +11 crystal plate armour of Morality {Rampage
                  | rElec rPois}
  3143 | D:4      | Found a transporter.
  3208 | D:4      | Found a shimmering altar of Xom.
  3411 | D:5      | Entered Level 5 of the Dungeon
  3445 | D:5      | Noticed a troll
  3454 | D:5      | Killed a troll
  3470 | D:5      | Reached XP level 8. HP: 20/51 MP: 8/8
  3510 | D:5      | Reached skill level 5 in Maces & Flails
  4239 | D:6      | Reached XP level 9. HP: 56/56 MP: 9/9
  4710 | D:6      | Found a bloodstained altar of Trog.
  5126 | D:7      | Found a runed translucent gate.
  5126 | D:7      | Found a runed translucent gate.
  5166 | D:7      | Found a runed translucent gate.
  5168 | D:7      | Noticed Pascal76's ghost (novice MiFi)
  5168 | D:7      | Noticed a skeletal warrior
  5322 | D:7      | Found a stormy altar of Qazlal.
  5581 | D:7      | Killed Pascal76's ghost
  5593 | D:7      | Killed a skeletal warrior
  5594 | D:7      | Reached XP level 10. HP: 21/65 MP: 10/10
  5763 | D:7      | Identified the amulet "Minipt" {RegenMP rN+ Slay+2}
  5765 | D:7      | Identified the +3 scale mail of the Shining Light {Harm
                  | Regen+ Int+2 Stlth+}
  5835 | D:8      | Noticed a cyclops
  5853 | D:8      | Killed a cyclops
  6069 | D:8      | Found a basalt altar of Yredelemnul.
  6072 | D:8      | Noticed a two-headed ogre
  6080 | D:8      | HP: 3/66 [two-headed ogre/+0 giant club (20)]
  6086 | D:8      | Slain by a two-headed ogre

Illustrated notes

Levels and vault maps discovered:
D:1:      dpeg_arrival_central, layout_basic
D:2:      layout_loops_cross, due_unseen_surprise
D:3:      layout_loops_corners, mainiacjoe_overflow_paths,
          vehumet_altar_wand_db, nemelex_diamond_rough_becter,
          hellmonk_ecumenical_altar_heavens_door, kennysheep_generic_room_14,
          uniq_ijyb, uniq_sigmund, uniq_crazy_yiuf_cottage
D:4:      layout_basic, brannock_xom_greatest_gift, bloody_makhleb,
          minmay_temple_entry_from_below_a, gammafunk_ghost_abyssal_escape
D:5:      layout_rooms, minmay_manual_monstrance
D:6:      layout_basic, trog_hazing_becter
D:7:      layout_basic, nicolae_qazlal_style_of_elements, gammafunk_ghost_split
D:8:      layout_loops_ring, lemuel_doored_altar, mainiacjoe_overflow_alcove_2,
          grunt_ministairs_7, minmay_chambers_of_fives

Skill      XL: |  1  2  3  4  5  6  7  8  9 10 |
---------------+-------------------------------+-----
Shields        | 4 5 7 8 |  8.1
Fighting       | 4 5 6 8 9 |  9.0
Armour         | 4 5 7 8 9 |  9.0
Maces & Flails | 3 4 5 7 |  7.8

Action                     |  1- 3 |  4- 6 |  7- 9 | 10-12 || total
---------------------------+-------+-------+-------+-------++-------
  Melee: Flail             |   151 |    96 |   237 |       ||   484
         Unarmed           |       |     4 |       |       ||     4
         Mace              |       |       |   160 |    37 ||   197
  Evoke: Wand              |       |       |       |     1 ||     1
    Use: Scroll            |       |     7 |     7 |     1 ||    15
         Potion            |       |       |     5 |     2 ||     7
   Stab: Distracted        |       |       |     5 |       ||     5
         Petrified         |       |       |     1 |       ||     1
 Armour: Scale mail        |   111 |    10 |       |       ||   121
         Chain mail        |       |    49 |       |       ||    49
         Skin              |       |     1 |       |       ||     1
         Crystal plate arm |       |       |   568 |    63 ||   631
  Dodge: Dodged            |    83 |    32 |    87 |    14 ||   216
         Repelled          |     2 |     2 |     1 |       ||     5
  Block: Buckler           |    40 |    21 |   154 |    25 ||   240
